Workbook

Sheet By course
A1: Professional Tax & Accounting Seminars, Inc.
A2: PA License Number: PX001363L
A3: Robert J. Henkels, CPA - President
A4: CPE Offerings | D4: for | E4: FALL, 2026
A6: Reasonably Priced and Practical CPE
A7: Early bird discount = $25 per course
B9: South Hills | F9: North Hills
B10: STM Family Life Center | F10: To be determined
B11: 126 Fort Couch Road | F11: TBD
B12: Pittsburgh, PA 15241 | F12: xx
B13: 412-833-0031 | F13: xx
A14: (Entrance on Oxford Drive) | C14: ======> | D14: Phone for directions only, please! | G14: <======
A16: Registration: 8:00 AM | D16: Start Time: 8:30 AM | G16: End: 4:30 PM
B18: =+A19 -> Fraud-2026 | C18: Registration Fee = | E18: =+E26 -> 300 | F18: Early bird before
A19: =+'By date'!D21 -> Fraud-2026 | F19: s | G19: (8 hrs – A&A)
A20: =+'By date'!A21 -> 46317 | B20: =+'By date'!B21 -> Thursday | C20: =+'By location'!C20 -> South Hills | F20: =+F28 -> 46305
A22: Coverage will include fraud methods, fraud statistics, fraud cases and fraud scams. Review of the ICCC
A23: website information, FBI web site information regarding fraud, and the Certified Internal Fraud Auditors
A24: Report to the Nation for current issues.
B26: =+'By date'!D26 -> Tax Planning | C26: Registration Fee = | E26: 300 | F26: Early bird before
A27: Tax Planning - Individual and Business | F27: s | G27: (8 hrs –Tx)
A28: =+'By date'!A26 -> 46322 | B28: =+'By date'!B26 -> Tuesday | C28: =+'By date'!C26 -> South Hills | F28: 46305
A30: Coverage will include review of tax facts, tpes of income, RMD planning with charitable giving,
A31: advantages of rental proerties, review of planning topics before purchasing assets, practical tips on clergy/ministers,
A32: overlooked deductions available to partners, business deductions and credits available from OBBBA.
B34: ETHICS | C34: Registration Fee = | E34: 200 | F34: Early bird before
A35: ETHICS - 2026 | F35: s | G35: (4 hrs – Ethics)
A36: =+'By date'!A42 -> 46338 | B36: =+'By date'!B42 -> Thursday | C36: =+'By date'!C85 -> South Hills | F36: =+F44 -> 46305
A38: Coverage will include the philosophy behind ethics, the AICPA/PICPA requirements, a review of Circular
A39: 230, discussion of fraud situations and unethical CPA cases.
B42: A&A Update | C42: Registration Fee = | E42: =+E18 -> 300 | F42: Early bird before
A43: Accounting & Auditing Update - 2026 | F43: s | G43: (8 hrs – A&A)
A44: =+'By date'!A54 -> 46350 | B44: =+'By date'!B54 -> Tuesday | C44: =+'By date'!C54 -> South Hills | F44: =+F20 -> 46305
A46: Coverage will include understandable explanation of the new pronouncements that have been released since
A47: December of last year. Review of old pronouncements becoming active soon for items previously covered
A48: that may impact your clients now!
A51: Costs for Federal Update Tax CPE Courses:
C52: Registration Fee | F52: ↓Early bird before↓
A53: CPAs | C53: – Both courses = | E53: 650 | F53: =+F36 -> 46305 | G53: <== $50 discount!
C54: – Single course = | E54: 350 | F54: =+F53 -> 46305 | G54: <== $25 discount!
A56: Para-professionals and Tax preparers
A57: PPTPs | C57: – Both courses | E57: 400 | F57: =+F54 -> 46305 | G57: =+G53 -> <== $50 discount!
C58: – Single course | E58: 250 | F58: =+F57 -> 46305 | G58: =+G54 -> <== $25 discount!
A59: Please note: NO IRS REGISTRATION!!!! | F59: Early bird before
A61: Federal Tax Update – Individual and Business | F61: 6 | G61: (16 hrs - Tax)
A63: =+'By date'!A68 -> 46364 | B63: =+'By date'!B68 -> Tuesday | C63: =+'By location'!C25 -> South Hills | D63: (Individual) | F63: =+F57 -> 46305
A64: =+'By date'!A70 -> 46366 | B64: =+'By date'!B70 -> Thursday | C64: =+'By location'!C26 -> South Hills | D64: (Business) | F64: =+F63 -> 46305
A66: TBD | C66: =+'By date'!C98 -> North Hills | D66: (Individual) | F66: =+F64 -> 46305
A67: TBD | C67: =+'By date'!C99 -> North Hills | D67: (Business) | F67: =+F66 -> 46305
A69: Coverage will include the phase-ins for the coming year, the extensions of credits for the coming year,
A70: various topics selected for their timeliness by the University of Illinois Tax Department. The manual is over
A71: 400 pages long with lots of great tax information and suggestions for reducing your client's tax liability. Our
A72: most attended course with high evaluations and comments!! Practical advice you can actually use!
A74: BUNDLED COST!!! - 40 hours of CPE + ETHICS- All courses included!!
C76: Pay before: | D76: =+F67 -> 46305 | F76: = | G76: 1500
C77: Pay after: | D77: =+D76 -> 46305 | F77: = | G77: 1600
A78: Comments from past participants: “Thank you for making the day and information interesting and understandable.” v
A79: “Excellent presentation!” v “Best speaker at a seminar I have ever taken. ”v “Day was very worthwhile and time passed
A80: too quickly.”v “As a tax practitioner, I appreciated the energy and entertaining style in which the material was presented.”v
A81: “Very energetic speaker.” v “Bob is the best instructor I’ve ever had. Ever!”v “Great practical coverage.”v “Best seminar
A82: discussion leader yet! Ten years of CPE classes... making it fun/motivational.” v“Tell me when you’ll be back.”v “Yesterday
A83: I thought I'd seen best discussion leader in years, but today - WOW!!! Bob’s the Best!! What a treat this has been.”v“This was the
A84: fastest seminar I've ever attended! I could listen to the ideas longer”v “The ideas and information actually applied to my clients!
A85: What a treat!”v“The coverage of A&A material was outstanding and practical for small firms. My twelfth year and appreciate
A86: your knowledge and insights.”v“The way you weave together A&A and tax information is amazing! I hate taxes, but you make it
A87: enjoyable and understandable.”v“Interesting A&A? A Miracle!”
A89: QUESTIONS? E-mail: RJHCPA@juno.com OR
A90: Cell Phone:412-498-1362
... A103: PTA Seminars, Inc.
A104: Registration Form | D104: =+E4 -> FALL, 2026 | F104: (One registrant per form)
A105: Name: _______________________________________ CPA License #/EA #: ______________________
A106: Address: _________________________________________________________________________
A107: City: _____________________________________________ ST: _____ Zip: __________________
A108: Phone: _________________________ Fax: ______________________
A109: E-mail: _________________________________________________________
A110: Registration: 8:00 AM | D110: Start Time: 8:30 AM | G110: End: 4:30 PM
A111: =+A19 -> Fraud-2026 | E111: =+G19 -> (8 hrs – A&A)
A112: =+A20 -> 46317 | B112: =+B20 -> Thursday | C112: =+C20 -> South Hills | F112: Fraud = | G112: =+G117 -> _____
A113: =+A118 -> Registration fee = | C113: =+C118 -> 300
F115: Registration fee | H115: $_________
A116: =+A27 -> Tax Planning - Individual and Business | G116: Select below
A117: =+A28 -> 46322 | B117: =+B28 -> Tuesday | C117: =+C28 -> South Hills | F117: =+B26 -> Tax Planning | G117: _____
A118: Registration fee = | C118: =+E26 -> 300 | E118: =+G27 -> (8 hrs –Tx)
F120: Registration fee | H120: $_________
A121: =+A35 -> ETHICS - 2026 | E121: =+G35 -> (4 hrs – Ethics)
A122: =+A36 -> 46338 | B122: =+B36 -> Thursday | C122: =+C36 -> South Hills | F122: Ethics = | G122: =+G128 -> _____
A125: =+A113 -> Registration fee = | C125: =+E34 -> 200 | F125: Registration fee | H125: $_________
A127: =+A43 -> Accounting & Auditing Update - 2026 | E127: =+G43 -> (8 hrs – A&A)
A128: =+A44 -> 46350 | B128: =+B44 -> Tuesday | C128: =+C44 -> South Hills | F128: A&A Update= _____ | G128: =+G112 -> _____
A131: =+A118 -> Registration fee = | C131: =+C113 -> 300 | F131: Registration fee | H131: $_________
A132: =+A61 -> Federal Tax Update – Individual and Business | E132: =+G61 -> (16 hrs - Tax)
A133: =+A63 -> 46364 | B133: =+B63 -> Tuesday | C133: =+C63 -> South Hills | D133: =+D63 -> (Individual) | F133: FTU-I=____ | G133: RTP/PP-I= ____
A134: =+A64 -> 46366 | B134: =+B64 -> Thursday | C134: =+C64 -> South Hills | D134: =+D64 -> (Business) | F134: FTU-B=____ | G134: RTP/PP-B=____
A135: =+A66 -> TBD | B135: =+B66 -> 0 | C135: =+C66 -> North Hills | D135: =+D66 -> (Individual) | F135: FTU-I=____ | G135: RTP/PP-I= ____
A136: =+A67 -> TBD | B136: =+B67 -> 0 | C136: =+C67 -> North Hills | D136: =+D67 -> (Business) | F136: FTU-B=____ | G136: RTP/PP-B=____
A137: CPAs -Registration fee= | C137: =+E54 -> 350 | D137: Both= | E137: =+E53 -> 650 | F137: Registration fee | H137: $_________
A138: PP/RTP = | C138: =+E58 -> 250 | D138: Both= | E138: =+E57 -> 400
A139: Regstrd Tx Prof = RTP, Paraprofnl =PP | D139: Please note: NO IRS REGISTRATION!!!!
A140: NEW STAFF | C140: PLEASE CALL TO SCHEDULE | F140: January dates open!!
B141: Registration fee =$100 | D141: No discounts | F141: Registration fee | H141: $_______
...

Sheet By location
A1: Professional Tax & Accounting Seminars, Inc.
A2: =+'By course'!A2:H2 -> PA License Number: PX001363L
A3: Robert J. Henkels, CPA - President
A4: 2025
A5: =+'By course'!A5:H5 -> 0
A6: =+'By course'!#REF! -> #REF!
B8: =+'By course'!B9 -> South Hills | F8: =+'By course'!F9 -> North Hills
B9: =+'By course'!B10 -> STM Family Life Center | F9: =+'By course'!F10 -> To be determined
B10: =+'By course'!B11 -> 126 Fort Couch Road | F10: =+'By course'!F11 -> TBD
B11: =+'By course'!B12 -> Pittsburgh, PA 15241 | F11: =+'By course'!F12 -> xx
B12: =+'By course'!B13 -> 412-833-0031 | F12: =+'By course'!F13 -> xx
A14: (Entrance on Oxford Drive) | C14: ======> | D14: Phone for directions only, please! | G14: <======
A16: =+'By course'!A16 -> Registration: 8:00 AM | D16: =+'By course'!D16 -> Start Time: 8:30 AM | G16: =+'By course'!G16 -> End: 4:30 PM
A19: South Hills - STM Family Life Center
A20: =+'By date'!A19 -> 46315 | B20: =+'By date'!B19 -> Tuesday | C20: =+'By date'!C21 -> South Hills | D20: =+'By date'!D21 -> Fraud-2026
A22: =+'By date'!A40 -> 46336 | B22: =+'By date'!B40 -> Tuesday | C22: =+'By date'!C26 -> South Hills | D22: =+'By date'!D26 -> Tax Planning
A24: =+'By date'!A56 -> 46352 | B24: =+'By date'!B56 -> Thursday | C24: =+'By date'!C54 -> South Hills | D24: =+'By date'!D54 -> A&A Update
A25: =+'By date'!A70 -> 46366 | B25: =+'By date'!B70 -> Thursday | C25: =+'By date'!C68 -> South Hills | D25: =+'By date'!D68 -> FTU-Ind
A26: =+'By date'!A71 -> 46367 | B26: =+'By date'!B71 -> Friday | C26: =+'By date'!C70 -> South Hills | D26: =+'By date'!D70 -> FTU-Business
A28: =+'By date'!A85 -> 46381 | B28: =+'By date'!B85 -> Friday | C28: =+'By date'!C85 -> South Hills | D28: =+'By date'!D85 -> ETHICS
A30: North Hills - La Roche University
A31: =+'By date'!A43 -> 46339 | B31: =+'By date'!B43 -> Friday | C31: =+'By date'!C43 -> 0 | D31: =+'By date'!D43 -> 0
A33: =+'By date'!A95 -> 46391 | B33: =+'By date'!B95 -> Monday | C33: =+'By date'!C95 -> North Hills | D33: =+'By date'!D95 -> Fraud-2026
A34: =+'By date'!A98 -> 46394 | B34: =+'By date'!B98 -> Thursday | C34: =+'By date'!C98 -> North Hills | D34: =+'By date'!D98 -> FTU-Ind
A35: =+'By date'!A99 -> 46395 | B35: =+'By date'!B99 -> Friday | C35: =+'By date'!C99 -> North Hills | D35: =+'By date'!D99 -> FTU-Business
A36: =+'By date'!A102 -> 46398 | B36: =+'By date'!B102 -> Monday | C36: =+'By date'!C102 -> North Hills | D36: =+'By date'!D102 -> A&A Update
A37: =+'By date'!A109 -> 46405 | B37: =+'By date'!B109 -> Monday | C37: =+'By date'!C109 -> North Hills | D37: =+'By date'!D109 -> Real Estate

Sheet By date
A1: Professional Tax & Accounting Seminars, Inc.
A2: =+'By course'!A2:H2 -> PA License Number: PX001363L
A3: =+'By course'!A3:H3 -> Robert J. Henkels, CPA - President
A4: =+'By location'!A4:H4 -> 2025
A5: *** Same Locations in North Hills & South Hills. ***
A8: South Hills | E8: North Hills
A9: STM Family Life Center | E9: =+'By course'!F10 -> To be determined
A10: 126 Fort Couch Road | E10: =+'By course'!F11 -> TBD
A11: Pittsburgh, PA 15241 | E11: =+'By course'!F12 -> xx
A12: 412-833-0031 | E12: =+'By course'!F13 -> xx
A13: (Entrance on Oxford Drive) | C13: ======> | D13: Phone for directions only, please! | G13: <======
A15: Registration: 7:30 AM | D15: Start Time: 8:00 AM | G15: End: 4:00 PM
A17: Date | B17: Day | C17: Location | D17: Course
A18: October
A19: 46315 | B19: Tuesday | H19: =+'By course'!E34 -> 200 | I19: 25
A20: =1+A19 -> 46316 | B20: Wednesday | H20: =+'By course'!E26 -> 300 | I20: =+I19 -> 25
A21: =1+A20 -> 46317 | B21: Thursday | C21: South Hills | D21: Fraud-2026 | H21: =+'By course'!E18 -> 300 | I21: =+I20 -> 25
A22: =1+A21 -> 46318 | B22: Friday | H22: =+'By course'!E42 -> 300 | I22: =+I21 -> 25
A23: =1+A22 -> 46319 | B23: Saturday | H23: =+'By course'!E54 -> 350 | I23: =+I22 -> 25
A24: =1+A23 -> 46320 | B24: Sunday | H24: =+H23 -> 350 | I24: =+I23 -> 25
A25: =1+A24 -> 46321 | B25: Monday | H25: =SUM(H19:H24) -> 1800 | I25: =SUM(I19:I24) -> 150
A26: =1+A25 -> 46322 | B26: Tuesday | C26: South Hills | D26: Tax Planning | I26: =+H25-I25 -> 1650
A27: =1+A26 -> 46323 | B27: Wednesday
A28: =1+A27 -> 46324 | B28: Thursday
A29: =1+A28 -> 46325 | B29: Friday
A30: =1+A29 -> 46326 | B30: Saturday
A31: =1+A30 -> 46327 | B31: Sunday | E31: November
A32: =1+A31 -> 46328 | B32: Monday
A33: =1+A32 -> 46329 | B33: Tuesday
A34: =1+A33 -> 46330 | B34: Wednesday
A35: =1+A34 -> 46331 | B35: Thursday
A36: =1+A35 -> 46332 | B36: Friday
A37: =1+A36 -> 46333 | B37: Saturday
A38: =1+A37 -> 46334 | B38: Sunday
A39: =1+A38 -> 46335 | B39: Monday
A40: =1+A39 -> 46336 | B40: Tuesday
A41: =1+A40 -> 46337 | B41: Wednesday
A42: =1+A41 -> 46338 | B42: Thursday | C42: South Hills | D42: Ethics
A43: =1+A42 -> 46339 | B43: Friday
A44: =1+A43 -> 46340 | B44: Saturday
A45: =1+A44 -> 46341 | B45: Sunday
A46: =1+A45 -> 46342 | B46: Monday
A47: =1+A46 -> 46343 | B47: Tuesday
A48: =1+A47 -> 46344 | B48: Wednesday
A49: =1+A48 -> 46345 | B49: Thursday
A50: =1+A49 -> 46346 | B50: Friday
A51: =1+A50 -> 46347 | B51: Saturday
A52: =1+A51 -> 46348 | B52: Sunday
A53: =1+A52 -> 46349 | B53: Monday
A54: =1+A53 -> 46350 | B54: Tuesday | C54: South Hills | D54: A&A Update
A55: =1+A54 -> 46351 | B55: Wednesday
A56: =1+A55 -> 46352 | B56: Thursday
A57: =1+A56 -> 46353 | B57: Friday
A58: =1+A57 -> 46354 | B58: Saturday
A59: =1+A58 -> 46355 | B59: Sunday | E59: December
A60: =1+A59 -> 46356 | B60: Monday
A61: =1+A60 -> 46357 | B61: Tuesday
A62: =1+A61 -> 46358 | B62: Wednesday
A63: =1+A62 -> 46359 | B63: Thursday
A64: =1+A63 -> 46360 | B64: Friday
A65: =1+A64 -> 46361 | B65: Saturday
A66: =1+A65 -> 46362 | B66: Sunday
A67: =1+A66 -> 46363 | B67: Monday
A68: =1+A67 -> 46364 | B68: Tuesday | C68: South Hills | D68: FTU-Ind
A69: =1+A68 -> 46365 | B69: Wednesday
A70: =1+A69 -> 46366 | B70: Thursday | C70: South Hills | D70: FTU-Business
A71: =1+A70 -> 46367 | B71: Friday
A72: =1+A71 -> 46368 | B72: Saturday
A73: =1+A72 -> 46369 | B73: Sunday
A74: =1+A73 -> 46370 | B74: Monday
A75: =1+A74 -> 46371 | B75: Tuesday
A76: =1+A75 -> 46372 | B76: Wednesday
A77: =1+A76 -> 46373 | B77: Thursday | D77: THANKSGIVING
A78: =1+A77 -> 46374 | B78: Friday
A79: =1+A78 -> 46375 | B79: Saturday
A80: =1+A79 -> 46376 | B80: Sunday
A81: =1+A80 -> 46377 | B81: Monday
A82: =1+A81 -> 46378 | B82: Tuesday
A83: =1+A82 -> 46379 | B83: Wednesday
A84: =1+A83 -> 46380 | B84: Thursday
A85: =1+A84 -> 46381 | B85: Friday | C85: South Hills | D85: ETHICS
A86: =1+A85 -> 46382 | B86: Saturday
A87: =1+A86 -> 46383 | B87: Sunday | D87: Immac Conception
A88: =1+A87 -> 46384 | B88: Monday
A89: =1+A88 -> 46385 | B89: Tuesday
A90: =1+A89 -> 46386 | B90: Wednesday
A91: =1+A90 -> 46387 | B91: Thursday
A92: =1+A91 -> 46388 | B92: Friday
A93: =1+A92 -> 46389 | B93: Saturday
A94: =1+A93 -> 46390 | B94: Sunday
A95: =1+A94 -> 46391 | B95: Monday | C95: North Hills | D95: =+D21 -> Fraud-2026
A96: =1+A95 -> 46392 | B96: Tuesday
A97: =1+A96 -> 46393 | B97: Wednesday
A98: =1+A97 -> 46394 | B98: Thursday | C98: North Hills | D98: FTU-Ind
A99: =1+A98 -> 46395 | B99: Friday | C99: North Hills | D99: FTU-Business
A100: =1+A99 -> 46396 | B100: Saturday
A101: =1+A100 -> 46397 | B101: Sunday
A102: =1+A101 -> 46398 | B102: Monday | C102: North Hills | D102: A&A Update
A103: =1+A102 -> 46399 | B103: Tuesday
A104: =1+A103 -> 46400 | B104: Wednesday
...

Sheet Foldr Lbls
A1: =+'By date'!A19 -> 46315 | B1: =+'By date'!B19 -> Tuesday | C1: =+'By date'!C21 -> South Hills | D1: =+'By date'!D21 -> Fraud-2026
A2: =+'By location'!A22 -> 46336 | B2: =+'By location'!B22 -> Tuesday | C2: =+'By location'!C22 -> South Hills | D2: =+'By location'!D22 -> Tax Planning
A3: =+'By location'!A24 -> 46352 | B3: =+'By location'!B24 -> Thursday | C3: =+'By location'!C24 -> South Hills | D3: =+'By location'!D24 -> A&A Update
A4: =+'By location'!A25 -> 46366 | B4: =+'By location'!B25 -> Thursday | C4: =+'By location'!C25 -> South Hills | D4: =+'By location'!D25 -> FTU-Ind
A5: =+'By location'!A26 -> 46367 | B5: =+'By location'!B26 -> Friday | C5: =+'By location'!C26 -> South Hills | D5: =+'By location'!D26 -> FTU-Business
A6: =+'By location'!A28 -> 46381 | B6: =+'By location'!B28 -> Friday | C6: =+'By location'!C28 -> South Hills | D6: =+'By location'!D28 -> ETHICS
A9: =+'By location'!A31 -> 46339 | B9: =+'By location'!B31 -> Friday | C9: =+'By location'!C31 -> 0 | D9: =+'By location'!D31 -> 0
A10: =+'By location'!A33 -> 46391 | B10: =+'By location'!B33 -> Monday | C10: =+'By location'!C33 -> North Hills | D10: =+'By location'!D33 -> Fraud-2026
A11: =+'By location'!A34 -> 46394 | B11: =+'By location'!B34 -> Thursday | C11: =+'By location'!C34 -> North Hills | D11: =+'By location'!D34 -> FTU-Ind
A12: =+'By location'!A35 -> 46395 | B12: =+'By location'!B35 -> Friday | C12: =+'By location'!C35 -> North Hills | D12: =+'By location'!D35 -> FTU-Business

Sheet Past Yrs
B1: =1+C1 -> 2026 | C1: =1+D1 -> 2025 | D1: =1+E1 -> 2024 | E1: =1+F1 -> 2023 | F1: =1+G1 -> 2022 | G1: =1+H1 -> 2021 | H1: =1+I1 -> 2020 | I1: =1+J1 -> 2019 | ... O1: =1+P1 -> 2013 | P1: 2012
A2: Course Title:
A3: Ethics | B3: x | C3: x | E3: x | G3: x | I3: x | K3: x | M3: x | O3: x
A4: Fraud | B4: x | C4: x | D4: x-1 | E4: x | F4: x | G4: x | H4: x | I4: x | J4: x | K4: x | L4: x | M4: x | N4: x | O4: x | P4: x
A5: IRS Cash Audit | K5: x
A6: Partnerships | M6: x
A7: Sch C/Partner | L7: x | O7: x
A8: Pers F/S | E8: x-1 | F8: x-1 | I8: x-1 | N8: x | O8: x | P8: x
A9: Estate Plning | F9: x-1 | I9: x-1 | N9: x | O9: x
A10: Real Estate/Invstmnt | C10: x | I10: x-1 | L10: x | P10: x
A11: Internal Audit | D11: x-1
A13: Anyltcl Rev | E13: x-1
A14: A&A Update | C14: x | D14: x | E14: x | F14: x | G14: x | H14: x | I14: x | J14: x | K14: x | L14: x | M14: x | N14: x | O14: x | P14: x
A15: FTU-Ind | B15: x | C15: x | D15: x | E15: x | F15: x | G15: x | H15: x | I15: x | J15: x | K15: x | L15: x | M15: x | N15: x | O15: x | P15: x
A16: FTU-Bus | B16: x | C16: x | D16: x | E16: x | F16: x | G16: x | H16: x | I16: x | J16: x | K16: x | L16: x | M16: x | N16: x | O16: x | P16: x
A17: New Staff | K17: x | L17: x | M17: x | N17: x | O17: x
A18: COVID planning | G18: x
